 Dungeon Crawl Stone Soup version 0.22-a0-40-g3d2f077 (webtiles) character file.

12859 Lanoc the Cleaver (level 11, -5/99 HPs)
             Began as a Minotaur Monk on Jan 4, 2018.
             Was a High Priest of Okawaru.
             Slain by a harpy (12 damage)
             ... summoned by Kirke
             ... on level 12 of the Dungeon.
             The game lasted 00:28:37 (11416 turns).

Lanoc the Cleaver (Minotaur Monk)                  Turns: 11416, Time: 00:28:37

Health: -5/99      AC:  0    Str: 16    XL:     11   Next: 68%
Magic:  15/15      EV: 26    Int:  7    God:    Okawaru [*****.]
Gold:   677        SH:  0    Dex: 16    Spells: 10/10 levels left

rFire    + . .     SeeInvis .     - Unarmed
rCold    . . .     Gourm    .   (shield currently unavailable)
rNeg     + . .     Faith    .   (armour currently unavailable)
rPois    .         Spirit   .   (helmet currently unavailable)
rElec    .         Reflect  .   (cloak currently unavailable)
rCorr    .         Harm     .   (gloves currently unavailable)
MR       .....                  (boots currently unavailable)
Stlth    +++.......             G - amulet of Interdependent Arising {rF+ rN+ Regen+}
HPRegen  0.66/turn              (ring currently unavailable)
MPRegen  0.14/turn              (ring currently unavailable)

@: pig-form, heroism, very quick
A: small, (retaliatory headbutt)
a: Heroism, Finesse, Renounce Religion


You were on level 12 of the Dungeon.
You worshipped Okawaru.
Okawaru was extremely pleased with you.
You were not hungry.
You were a filthy swine.
You visited 1 branch of the dungeon, and saw 13 of its levels.

You collected 677 gold pieces.

Inventory:

Hand Weapons
 a - a +0 hand axe
 m - the +6 rapier "Ogrebane" {holy, rElec rC+ Dex+4}
   (You found it on level 8 of the Dungeon)

   It has been blessed by the Shining One to cause great damage to the undead
   and demons.
   It affects your dexterity (+4).
   It protects you from cold.
   It insulates you from electricity.
 N - a +2 battleaxe of draining (melded)
Missiles
 i - 78 bolts
 o - 150 sling bullets
 v - 225 arrows
Armour
 s - a +2 pair of boots of flying (melded)
 t - a +0 cloak (melded)
 x - a +3 ring mail (melded)
Magical Staves
 C - an uncursed staff of death
Jewellery
 b - the ring "Imarheg" (melded) {Ice +Blink Str+5 Stlth+}
   (You found it on level 5 of the Dungeon)

   [ring of ice]

   It enhances your ice magic.
   It affects your strength (+5).
   It makes you vulnerable to fire.
   It protects you from cold.
   It lets you blink.
   It makes you more stealthy.
 l - an uncursed ring of poison resistance
 w - an uncursed amulet of magic regeneration
 G - the amulet of Interdependent Arising (around neck) {rF+ rN+ Regen+}
   (You found it on level 12 of the Dungeon)

   [amulet of regeneration]

   It protects you from fire.
   It protects you from negative energy.
   It increases your rate of regeneration.
 K - a ring of see invisible (melded)
Wands
 u - a wand of digging (13)
 D - a wand of enslavement (18)
Scrolls
 d - a scroll of identify
 f - a scroll of fear {unknown}
 j - 2 scrolls of blinking
 k - 4 scrolls of remove curse
 p - 2 scrolls of immolation
 q - 11 scrolls of teleportation
 y - 2 scrolls of enchant weapon {unknown}
 A - a scroll of acquirement {unknown}
 E - 3 scrolls of magic mapping {unknown}
 F - 3 scrolls of amnesia {unknown}
 I - 3 scrolls of brand weapon {unknown}
 L - a scroll of fog {unknown}
Potions
 e - 8 potions of curing
 g - 4 potions of lignification
 h - a potion of brilliance
 n - 3 potions of agility
 r - a potion of might
 z - a potion of ambrosia
 B - a potion of flight
Books
 H - a book of Cantrips

   Spells                             Type                      Level
   a - Confusing Touch                Hexes                        1
   b - Animate Skeleton               Necromancy                   1
   c - Summon Small Mammal            Summoning                    1
   d - Apportation                    Translocation                1
Comestibles
 c - 21 rations


   Skills:
 + Level 9.9(14.9) Fighting
 * Level 13.3(18.3) Axes
 + Level 9.2(14.2) Armour
 + Level 9.1(14.1) Dodging
 - Level 1.5(6.5) Stealth
 + Level 7.4 Invocations


You had 10 spell levels left.
You didn't know any spells.

Dungeon Overview and Level Annotations

Branches:
Dungeon (13/15)            Temple (0/1) D:4            Lair (0/6) D:9
    Orc (0/2) D:9
 Vaults: D:13-14

Altars:
Elyvilon
Gozag
Okawaru

Shops:
D:8 ?   D:9 }

Annotations:
D:12 Kirke


Innate Abilities, Weirdness & Mutations

((You reflexively headbutt those who attack you in melee.))
((You have a pair of horns on your head.))


Message History

The harpy barely misses you. The harpy claws you.
The harpy completely misses you. The harpy claws you!
* * * LOW HITPOINT WARNING * * *
The harpy misses you. The harpy closely misses you.
Kirke seems less drained.
You feel better.
The centaur warrior seems less drained.
The harpy claws you. The harpy closely misses you. The harpy misses you.
The harpy claws you!
* * * LOW HITPOINT WARNING * * *
The centaur warrior wields an uncursed shortbow.
The centaur warrior shoots an arrow.
The arrow barely misses you. Kirke casts a spell at you.
You feel a momentary urge to oink. The harpy closely misses you.
The harpy misses you. The harpy completely misses you. x2
The harpy claws you!!
* * * LOW HITPOINT WARNING * * *
The harpy misses you.
It was a potion of magic.
Magic courses through your body. The harpy completely misses you.
The harpy claws you!
You die...

#.'.≈. ##.#≈.≈ #..#≈≈≈ #..####
###...... ###......<.
######...#......
##################.c.)...##....>.
#..)............hHH#.....##......
####################.....########
#.......c...(# #...
#....(.......# ###.##
#>...........###...#
#................###
#..........>..####
##########.............#
#......................#


You could see a centaur warrior and 2 harpies.

Vanquished Creatures
  Snorg (D:12)
  3 two-headed ogres
  The ghost of 4thArraOfDagon the Fighter, a novice DDNe of Makhleb (D:10)
  A deep elf mage (D:13)
  An ugly thing (D:12)
  A centaur zombie (D:8)
  The ghost of polythemia the Changer, an amateur DrTm of Uskayaw (D:5)
  2 hippogriffs
  5 yaks (D:12)
  A human (D:8)
  2 vampire mosquitoes (D:13)
  8 hogs
  An acid dragon (D:6)
  Duvessa (D:7)
  3 sky beasts
  3 ice beasts
  3 orc warriors
  A black bear (D:12)
  2 necrophages
  A phantom (D:12)
  7 ogres
  7 centaurs
  2 big kobolds
  A gnoll sergeant (D:12)
  6 bullfrogs
  Dowan (D:7)
  2 scorpions
  13 killer bees
  3 wights (D:10)
  3 howler monkeys
  5 crimson imps
  3 bullfrog zombies
  4 jellies
  3 hounds
  A gnoll shaman (D:4)
  6 orc priests
  A bullfrog skeleton (D:6)
  8 orc wizards
  13 worker ants
  3 hound skeletons
  A hound zombie (D:5)
  28 gnolls
  A howler monkey skeleton (D:6)
  14 adders
  4 shadow imps
  An ooze (D:2)
  2 adder skeletons
  3 worms
  5 leopard geckos
  24 orcs
  4 bats (D:2)
  6 giant cockroaches
  10 hobgoblins
  8 jackals
  15 kobolds
  6 quokkas
  2 ball pythons
  2 frilled lizards
  12 goblins
  A jackal skeleton (D:4)
  A leopard gecko skeleton (D:6)
  A quokka skeleton (D:8)
  A quokka zombie (D:5)
  7 rats
293 creatures vanquished.

Notes
Turn   | Place    | Note
-------+----------+-------------------------------------------
     0 | D:1      | Lanoc the Minotaur Monk began the quest for the Orb.
     0 | D:1      | Reached XP level 1. HP: 19/19 MP: 0/0
   380 | D:1      | Reached XP level 2. HP: 25/27 MP: 1/1
   666 | D:1      | Reached skill level 4 in Axes
   980 | D:2      | Reached skill level 1 in Armour
  1289 | D:2      | Reached XP level 3. HP: 33/33 MP: 2/2
  1761 | D:3      | Reached XP level 4. HP: 6/40 MP: 3/3
  2184 | D:3      | Found a faded altar of an unknown god.
  2187 | D:3      | Became a worshipper of Warmaster Okawaru
  2187 | D:3      | Reached * piety under Okawaru
  2187 | D:3      | Reached ** piety under Okawaru
  2198 | D:3      | Reached skill level 5 in Axes
  2422 | D:4      | Found a staircase to the Ecumenical Temple.
  2476 | D:4      | Reached XP level 5. HP: 47/47 MP: 4/4
  2547 | D:4      | Reached *** piety under Okawaru
  2818 | D:4      | Reached skill level 1 in Invocations
  2833 | D:4      | Noticed an ogre
  2840 | D:4      | Killed an ogre
  2840 | D:4      | Reached skill level 6 in Axes
  2840 | D:4      | Reached XP level 6. HP: 36/55 MP: 5/5
  3139 | D:4      | Reached skill level 5 in Fighting
  3473 | D:5      | Entered Level 5 of the Dungeon
  3479 | D:5      | Got a vibrating bronze ring
  3480 | D:5      | Identified the ring "Imarheg" {Ice +Blink Str+5 Stlth+} (You found it on level 5 of the Dungeon)
  3493 | D:5      | Noticed a sky beast
  3555 | D:4      | Killed a sky beast
  3555 | D:4      | Reached XP level 7. HP: 22/61 MP: 7/7
  3818 | D:5      | Noticed polythemia's ghost (amateur DrTm)
  3833 | D:5      | Killed polythemia's ghost
  3833 | D:5      | Reached skill level 7 in Axes
  3833 | D:5      | Reached skill level 5 in Dodging
  3910 | D:5      | Reached **** piety under Okawaru
  3910 | D:5      | Reached XP level 8. HP: 70/70 MP: 9/9
  4565 | D:6      | Reached skill level 8 in Axes
  5057 | D:6      | Reached skill level 5 in Armour
  5539 | D:5      | Reached skill level 9 in Axes
  6054 | D:7      | Reached XP level 9. HP: 61/78 MP: 9/11
  6068 | D:7      | Noticed Dowan
  6070 | D:7      | Noticed Duvessa
  6204 | D:7      | Killed Duvessa
  6229 | D:7      | Killed Dowan
  6365 | D:7      | Reached ***** piety under Okawaru
  7010 | D:7      | Reached skill level 10 in Axes
  7285 | D:8      | Reached skill level 5 in Invocations
  7432 | D:8      | Found an opulent altar of Gozag.
  7462 | D:8      | Found Lueryph Ypos's Magic Scroll Emporium.
  7563 | D:8      | Reached XP level 10. HP: 74/88 MP: 12/12
  7826 | D:8      | Got a translucent rapier
  7827 | D:8      | Identified the +6 rapier "Ogrebane" {holy, rElec rC+ Dex+4} (You found it on level 8 of the Dungeon)
  7890 | D:8      | Reached skill level 11 in Axes
  8310 | D:9      | Found a staircase to the Orcish Mines.
  8422 | D:9      | Found a staircase to the Lair.
  8583 | D:9      | Found Ziptaer's Gadget Emporium.
  8583 | D:9      | Noticed a two-headed ogre
  8609 | D:9      | Killed a two-headed ogre
  8609 | D:9      | Received a gift from Okawaru
  8616 | D:9      | Got a fine rapier {god gift}
  8620 | D:9      | Identified the +5 rapier of a bailey {drain, rElec rN++ Str+4} (Okawaru gifted it to you on level 9 of the Dungeon)
  8970 | D:10     | Entered Level 10 of the Dungeon
  8970 | D:10     | Noticed a two-headed ogre
  8982 | D:10     | Killed a two-headed ogre
  9161 | D:10     | Noticed 4thArraOfDagon's ghost (novice DDNe)
  9191 | D:10     | Killed 4thArraOfDagon's ghost
  9191 | D:10     | Reached skill level 12 in Axes
 10062 | D:11     | Reached XP level 11. HP: 76/97 MP: 14/14
 10075 | D:11     | Found a white marble altar of Elyvilon.
 10422 | D:12     | Noticed a two-headed ogre
 10445 | D:12     | Killed a two-headed ogre
 10522 | D:12     | Noticed Snorg
 10593 | D:12     | Received a gift from Okawaru
 10707 | D:12     | Noticed a brown ugly thing
 10720 | D:12     | Killed a brown ugly thing
 10723 | D:12     | Killed Snorg
 10723 | D:12     | Reached skill level 13 in Axes
 10940 | D:12     | Got a glittering steel amulet
 10979 | D:12     | Identified the amulet of Interdependent Arising {rF+ rN+ Regen+} (You found it on level 12 of the Dungeon)
 11019 | D:13     | Noticed an eight-headed hydra
 11065 | D:13     | Noticed a six-headed hydra
 11121 | D:13     | Noticed a deep elf mage
 11135 | D:13     | Killed a deep elf mage
 11279 | D:13     | Noticed Kirke
 11281 | D:13     | Noticed a centaur warrior
 11364 | D:13     | Noticed a lindwurm
 11400 | D:12     | Noticed a harpy
 11400 | D:12     | Noticed a harpy
 11416 | D:12     | Slain by a harpy

Vault maps used:
D:1:      dpeg_arrival_boxes_within_box, minmay_misc_feat_rugged, minivault_5
D:2:      serial_corexii_hall, corexii_hall_statues_x, corexii_hall_statues_x
D:3:      chequers_ecumenical_altar_island, first_ration
D:4:      minmay_temple_entry_statues_pillars, hangedman_minor_gate_pass
D:7:      cheibrodos_helix_gallery, uniq_duvessa
D:8:      nicolae_overflow_crystal_walls, serial_shops, shop, grunt_livestock
D:9:      dpeg_oklobed_lair, orc_0_dummy, serial_shops, shop
D:11:     serial_glass, glass_columns_c, glass_columns_c, elyvilon_altar_5
D:12:     minmay_misc_feat_ornament, kennysheep_generic_room_14, uniq_snorg
D:13:     minmay_connected_triangles_in_corner, uniq_kirke

Skill      XL: |  1  2  3  4  5  6  7  8  9 10 11 |
---------------+----------------------------------+-----
Axes           | 4 5 6 7 9 10 12 13 | 13.3
Armour         | 1 2 3 4 5 7 8 9 |  9.2
Fighting       | 4 5 6 7 9 |  9.9
Dodging        | 4 5 6 7 8 9 |  9.1
Invocations    | 1 2 4 5 6 7 |  7.4
Stealth        | |  1.5

Action                   |  1- 3 |  4- 6 |  7- 9 | 10-12 || total
-------------------------+-------+-------+-------+-------++-------
Melee: Hand axe          |    93 |   162 |   413 |   306 ||   974
       Headbutt          |    12 |    45 |   104 |   110 ||   271
       Punch             |       |       |     3 |     5 ||     8
       Battleaxe         |       |       |       |    49 ||    49
       Unarmed           |       |       |       |     4 ||     4
Invok: Heroism           |       |       |     5 |     8 ||    13
       Finesse           |       |       |       |     4 ||     4
 Abil: Stop Flying       |       |     1 |       |       ||     1
  Use: Scroll            |       |       |    10 |     3 ||    13
       Potion            |       |       |       |     3 ||     3
 Stab: Sleeping          |     4 |       |     1 |     2 ||     7
  Eat: Chunk             |     3 |     5 |    14 |    12 ||    34
Armor: Robe              |    11 |       |       |       ||    11
       Plate armour      |       |    94 |   171 |       ||   265
       Ring mail         |       |       |    24 |   107 ||   131
Dodge: Dodged            |    60 |    54 |   176 |   291 ||   581

Table legend:
 A = Spawn XP
 B = Non-spawn XP
 C = Spawn XP percentage of total XP
 D = Spawn monster count
 E = Non-spawn monster count
 F = Spawn count percentage of total count
 G = Total turns spent on level
                    A         B        C        D         E        F      G
               +---------+---------+-------+---------+---------+-------+---------
         Total |       0 |   18371 |   0.0 |       0 |     293 |   0.0 | 11416
               +---------+---------+-------+---------+---------+-------+---------
           D:1 |       0 |      15 |   0.0 |       0 |       9 |   0.0 |   771
           D:2 |       0 |      48 |   0.0 |       0 |      23 |   0.0 |   885
           D:3 |       0 |      85 |   0.0 |       0 |      24 |   0.0 |   743
           D:4 |       0 |     598 |   0.0 |       0 |      25 |   0.0 |  1244
           D:5 |       0 |     783 |   0.0 |       0 |      18 |   0.0 |  1173
           D:6 |       0 |    1222 |   0.0 |       0 |      37 |   0.0 |  1348
           D:7 |       0 |    1309 |   0.0 |       0 |      29 |   0.0 |   899
           D:8 |       0 |    2335 |   0.0 |       0 |      33 |   0.0 |  1037
           D:9 |       0 |    1676 |   0.0 |       0 |      20 |   0.0 |   870
          D:10 |       0 |    2674 |   0.0 |       0 |      20 |   0.0 |   831
          D:11 |       0 |     448 |   0.0 |       0 |       8 |   0.0 |   510
          D:12 |       0 |    5753 |   0.0 |       0 |      39 |   0.0 |   842
          D:13 |       0 |    1425 |   0.0 |       0 |       8 |   0.0 |   263
               +---------+---------+-------+---------+---------+-------+---------
